 Dungeon Crawl Stone Soup version 0.28-a0-199-g298df9dbad (webtiles) character file.

Game seed: 12120414080250514292

100 omnomnOMINOUS the Skirmisher (level 4, -4/31 HPs)
             Began as an Octopode Wanderer on Aug 19, 2021.
             Slain by a river rat (10 damage)
             ... in a sewer.
             The game lasted 00:04:39 (2335 turns).

omnomnOMINOUS the Skirmisher (Octopode Wanderer)    Turns: 2335, Time: 00:04:40

Health: -4/31      AC:  1    Str: 14 (15) XL:     4   Next: 74%
Magic:  5/5        EV: 13    Int: 10 (13) God:
Gold:   82         SH:  0    Dex: 10 (11) Spells: 5/5 levels left

rFire   . . .      SeeInvis .   a - +0 dagger
rCold   . . .      Faith    .   (no shield)
rNeg    . . .      Spirit   .   (helmet restricted)
rPois   .          Reflect  .   (no amulet)
rElec   .          Harm     .   (no ring)
rCorr   .          Rampage  .   (no ring)
Will    .....                   (no ring)
Stlth   +++.......              (no ring)
HPRegen 0.10/turn               (no ring)
MPRegen 0.09/turn               (no ring)
                                (no ring)
                                (no ring)

@: no status effects
A: almost no armour, amphibious, 8 rings, camouflage 1, gelatinous body 1,
(nimble swimmer 1), tentacles, strong 1
a: no special abilities


You were in a sewer.
You visited 1 branch of the dungeon, and saw 3 of its levels.
You also visited: Sewer.

You collected 82 gold pieces.

Inventory:

Hand Weapons
 a - a +0 dagger (weapon)
 b - a +2 hand crossbow
Missiles
 d - 21 bolts
Scrolls
 c - 2 scrolls of teleportation
 g - a scroll of brand weapon {unknown}
Potions
 e - a potion of degeneration
 f - 2 potions of curing


   Skills:
 + Level 3.2 Fighting
 - Level 3.0 Crossbows
 + Level 3.2 Dodging
 - Level 2.6 Stealth
 - Level 1.0 Spellcasting
 - Level 1.0 Necromancy
 - Level 1.0 Ice Magic


You had 5 spell levels left.
You didn't know any spells.
Your spell library contained the following spells:

 Spells                   Type           Power      Damage    Failure   Level
 Sublimation of Blood     Necr           1%         N/A       34%         2
 Corpse Rot               Necr/Air       N/A        N/A       38%         2


Dungeon Overview and Level Annotations

Branches:
Dungeon (3/15)              Sewer (1/1)

Altars:


Innate Abilities, Weirdness & Mutations

You cannot wear most types of armour.
You are amphibious.
You can wear up to eight rings at the same time.
Your skin changes colour to match your surroundings (Stealth+).
Your rubbery body absorbs attacks. (AC +1, EV +1)
((You are camouflaged near water. (Stealth+)))
You have tentacles for arms and can constrict up to eight enemies at once.
Your muscles are strong. (Str +2)


Message History

You shoot a bolt. The bolt hits the river rat.
The river rat is lightly wounded.
Fire: 23 bolts
Press: ? - help, Q - select action Shift-Dir - straight line, f/p - river rat
Aim: a river rat (lightly wounded, 61% to hit)
You shoot a bolt. The bolt closely misses the river rat.
The river rat bites you.
Fire: 22 bolts
Press: ? - help, Q - select action Shift-Dir - straight line, f/p - river rat
Aim: a river rat (lightly wounded, 61% to hit)
You shoot a bolt. The bolt closely misses the river rat.
The river rat bites you!
* * * LOW HITPOINT WARNING * * *
The river rat bites you.
* * * LOW HITPOINT WARNING * * *
It was a potion of curing.
You feel better. The river rat misses you. The river rat barely misses you.
It was a potion of degeneration.
There was something very wrong with that liquid.
You feel weakened.
You feel dopey.
You feel clumsy. The river rat bites you!
* * * LOW HITPOINT WARNING * * *
The river rat closely misses you.
It was a potion of heal wounds.
You feel much better. The river rat bites you. x2
a - a +0 dagger (weapon)
You hit the river rat but do no damage. You grab the river rat.
You constrict the river rat, but do no damage.
The river rat twitches its whiskers.
The river rat bites you!
* * * LOW HITPOINT WARNING * * *
The river rat bites you.
* * * LOW HITPOINT WARNING * * *
It was a potion of mutation.
You feel extremely strange.
You feel stronger.
You constrict the river rat. The river rat closely misses you.
The river rat barely misses you.
You barely miss the river rat. You grab the river rat.
You constrict the river rat, but do no damage.
You constrict the river rat. The river rat bites you!
You die...

#≈#
#.#
#.#
#.#
#r#
#r#
#r#
#@#
#r#
#∩#
#.#
#.#
#(#
#(#
###


You could see 3 river rats and a rat.

Vanquished Creatures
  Jessica (D:2)
  2 adders
  2 worms
  4 dart slugs
  4 endoplasms
  A giant cockroach (D:2)
  2 goblins
  4 hobgoblins
  4 quokkas
  7 ball pythons
  5 bats
  2 frilled lizards
  2 kobolds
  4 rats
44 creatures vanquished.

Notes
Turn   | Place    | Note
-------+----------+-------------------------------------------
     0 | D:1      | omnomnOMINOUS the Octopode Wanderer began the quest for the
                  | Orb.
     0 | D:1      | omnomnOMINOUS set off with the following items: a +2 hand
                  | crossbow, 24 bolts, a scroll of teleportation, a +0 dagger;
                  | and the following spells available to memorise: Sublimation
                  | of Blood, Corpse Rot
     0 | D:1      | Reached XP level 1. HP: 14/14 MP: 2/2
   128 | D:1      | Reached skill level 1 in Dodging
   163 | D:1      | Reached XP level 2. HP: 19/19 MP: 3/3
   583 | D:1      | Reached XP level 3. HP: 20/24 MP: 4/4
  1774 | D:2      | Noticed Jessica
  1779 | D:2      | Killed Jessica
  1780 | D:2      | Reached XP level 4. HP: 31/31 MP: 5/5
  2318 | D:3      | Found a glowing drain.
  2322 | Sewer    | Entered a sewer
  2334 | Sewer    | Gained mutation: Your muscles are strong. (Str +2) [potion
                  | of mutation]
  2335 | Sewer    | Slain by a river rat

Illustrated notes

Levels and vault maps discovered:
D:1:      ebering_hopf_link, layout_loops_cross, minmay_hedge_maze,
          minmay_misc_feat_roman, chequers_serial_rivers_micro_d,
          minmay_pentomino_z4
D:2:      layout_basic, shapermc_ecumenical_altar_petra, uniq_jessica
D:3:      layout_basic, gup_sewer_entry_bowl, gammafunk_ghost_mausoleum
Sewer:    sewer_kobolds

Skill      XL: |  1  2  3 |
---------------+----------+-----
Dodging        | 1 2 3 |  3.2
Fighting       | 3 |  3.2
Crossbows      | |  3.0
Stealth        | |  2.6
Spellcasting   | |  1.0
Necromancy     | |  1.0
Ice Magic      | |  1.0

Action                   |  1- 3 |  4- 6 || total
-------------------------+-------+-------++-------
Melee: Dagger            |    67 |    21 ||    88
       Constrict         |    15 |     6 ||    21
       Tentacles         |    15 |     3 ||    18
 Fire: Hand crossbow     |       |     3 ||     3
  Use: Potion            |       |     4 ||     4
 Stab: Sleeping          |    15 |     2 ||    17
Armor: Skin              |     6 |       ||     6
Dodge: Dodged            |    34 |    15 ||    49

Table legend: (Time is in decaauts)
 A = Elapsed time spent in this place.
 B = Non-inter-level travel time spent in this place.
 C = Inter-level travel time spent in this place.
 D = Time resting spent in this place.
 E = Time spent auto-exploring this place.
 F = Levels seen in this place.
 G = Mean time per level.
                   A        B        C        D        E       F      G
               +--------+--------+--------+--------+--------+-----+--------+
         Total |   2333 |   2297 |     36 |    321 |   1655 |   4 |  583.2 |
       Dungeon |   2322 |   2286 |     36 |    321 |   1655 |   3 |  774.0 |
         Sewer |     11 |     11 |      0 |      0 |      0 |   1 |   11.0 |
               +--------+--------+--------+--------+--------+-----+--------+

Top non-repeatable levels by time:
     D:1: 1149 daAuts
     D:2: 874 daAuts
     D:3: 298 daAuts
   Sewer: 11 daAuts
